AoeStats
← budreaux

African Clearing

506005146Analyzed
3v3 RM · 21d ago on Sep 12, 2026· 51m 53s· 6 players
Game mode
Random Map
Map size
Normal (6 player)
Population
200
Speed
Normal
Resources
Standard
Victory
Conquest
Starting age
Dark Age
Ending age
Imperial Age
RankedLock teamsTeams togetherTeam positionsShared explorationLock speedFull tech treeHidden civsTurbo modeCheats
Victory
Defeat
🇦🇷 Dravidians · Argentina
1069
+13
🇦🇷 Hindustanis · Argentina
1058
+13
🇦🇷 Persians · Argentina
932
+19
🇺🇸 Franks · United States
1056
-17
🇺🇸 Koreans · United States
972
-14
🇺🇸 Mongols · United States
970
-14
[PPP] BlackPanter
9:14 Loom
12:10 Feudal Age
12:14 Man-at-Arms
16:38 Double-Bit Axe
17:46 Horse Collar
18:38 Fletching
20:19 Padded Archer Armor
23:54 Wheelbarrow
27:07 Castle Age
25:59 Arson
27:20 Long Swordsman
28:03 Squires
27:49 Gambesons
28:08 Scale Mail Armor
29:00 Bow Saw
32:15 Elite Skirmisher
33:27 Bodkin Arrow
41:32 Imperial Age
42:39 Chain Mail Armor
42:26 Bracer
42:26 Two-Handed Swordsman
43:48 Ballistics
43:30 Crossbowman
46:07 Chemistry
45:52 Arbalester
52:10 Thumb Ring
Pachegol
10:11 Loom
13:27 Feudal Age
14:00 Horse Collar
14:11 Double-Bit Axe
16:29 Man-at-Arms
22:10 Wheelbarrow
25:19 Castle Age
23:49 Forging
23:45 Scale Barding Armor
25:06 Bloodlines
25:13 Gold Mining
25:27 Light Cavalry
27:10 Husbandry
27:29 Town Watch
32:30 Iron Casting
32:40 Chain Barding Armor
35:35 Hand Cart
35:32 Bow Saw
35:29 Heavy Plow
44:21 Imperial Age
43:22 Gold Shaft Mining
42:38 Stone Mining
44:28 Heavy Camel Rider
46:00 Plate Barding Armor
46:26 Blast Furnace
45:31 Hussar
47:40 Two-Man Saw
47:28 Imperial Camel Rider
mariano34355
14:21 Feudal Age
24:29 Double-Bit Axe
36:28 Castle Age
34:27 Horse Collar
39:12 Forging
Blue_Silver
11:28 Loom
13:36 Feudal Age
14:21 Gold Mining
14:25 Double-Bit Axe
17:00 Fletching
17:24 Padded Archer Armor
25:23 Horse Collar
28:18 Castle Age
28:19 Crossbowman
29:06 Thumb Ring
29:02 Bodkin Arrow
29:23 Leather Archer Armor
29:13 Heavy Plow
29:26 Bow Saw
33:12 Stone Mining
34:00 Gold Shaft Mining
34:46 Stone Shaft Mining
35:11 Ballistics
34:48 Murder Holes
41:00 Wheelbarrow
40:11 Town Watch
43:31 Masonry
46:19 Imperial Age
44:06 Hand Cart
43:55 Town Patrol
47:27 Conscription
47:31 Drill
47:40 Parthian Tactics
48:18 Chemistry
47:20 Bracer
46:49 Heavy Cavalry Archer
budreaux
3:42 Loom
15:00 Feudal Age
16:20 Double-Bit Axe
18:10 Wheelbarrow
20:10 Fletching
28:36 Castle Age
36:15 Bodkin Arrow
37:39 Forging
37:30 Scale Mail Armor
gochodg
13:44 Feudal Age
13:52 Man-at-Arms
24:45 Double-Bit Axe
30:30 Castle Age
32:53 Husbandry
35:46 Light Cavalry
49:25 Bow Saw
Connection lost

Rejoining the realm…

Still unreachable

The connection could not be restored.

Session expired

The server has moved on; the page needs a fresh start.